 Dungeon Crawl Stone Soup version 0.31-a0-489-g282fc92437 (webtiles) character file.

Game seed: 6911403707972056352

114 GordonOverkill the Sneak (level 4, -1/31 HPs)
             Began as an Octopode Delver on Aug 8, 2023.
             Slain by an unseen horror (2 damage)
             ... on level 6 of the Dungeon.
             The game lasted 00:02:48 (763 turns).

GordonOverkill the Sneak (Octopode Delver)           Turns: 763, Time: 00:02:48

Health: -1/31      AC:  2    Str: 11      XL:     4   Next: 98%
Magic:  4/4        EV: 13    Int: 13 (14) God:
Gold:   21         SH:  0    Dex: 13      Spells: 3/3 levels left

rFire   . . .        a - +0 short sword
rCold   . . .        (no shield)
rNeg    . . .        (helmet restricted)
rPois   .            (no amulet)
rElec   .            (no ring)
rCorr   .            (no ring)
SInv    .            (no ring)
Will    .....        (no ring)
Stlth   ++++         (no ring)
HPRegen 0.25/turn    (no ring)
MPRegen 0.09/turn    (no ring)
                     (no ring)

%: no passive effects
@: hasted, very quick
A: almost no armour, amphibious, 8 rings, camouflage 1, gelatinous body 1,
(nimble swimmer 1), tentacles, antennae 1, deterioration 1, shaggy fur 1
a: no special abilities


You were on level 6 of the Dungeon.
You visited 1 branch of the dungeon, and saw 3 of its levels.

You collected 21 gold pieces.

Inventory:

Hand Weapons
 a - a +0 short sword (weapon)
Jewellery
 d - a ring of fire
Wands
 f - a wand of digging (3)
Scrolls
 b - a scroll of fog
 c - a scroll of revelation


   Skills:
 - Level 3.0 Fighting
 + Level 5.0 Short Blades
 - Level 2.0 Dodging
 - Level 6.6 Stealth


You had 3 spell levels left.
You didn't know any spells.
Your spell library was empty.

Dungeon Overview and Level Annotations

Branches:
Dungeon (7/15)
 Temple: D:4-7

Altars:

Annotations:
D:5 exclusion: phantom
D:6 exclusions: downstairs and wight


Innate Abilities, Weirdness & Mutations

You cannot wear most types of armour.
You are amphibious.
You can wear up to eight rings at the same time.
Your skin changes colour to match your surroundings (Stealth+).
Your rubbery body absorbs attacks. (AC +1, EV +1)
((You are camouflaged when in or above water. (Stealth+)))
You have tentacles for arms and can constrict up to eight enemies at once.
You have a pair of small antennae on your head.
Your body sometimes deteriorates upon taking damage.
You are covered in fur. (AC +1)


Message History

You start resting.
HP restored.
An adder comes into view.
Found a runed moonstone ring.
The helpless adder fails to defend itself.
You impale the adder!!
You kill the adder!
Your Short Blades skill increases to level 5!
You see here an adder corpse.
d - a ring of fire
Okay, then.
Found a fuming golden potion.
There is a strange disturbance nearby!
Deactivating autopickup; reactivate with Ctrl-A.
You barely miss something. Something hits you. x2
You hit something but do no damage. Your squeeze misses something.
Something hits you. x2
* * * LOW HITPOINT WARNING * * *
You hit something but do no damage. Your squeeze misses something.
Something hits you.
* * * LOW HITPOINT WARNING * * *
You feel yourself speed up. Something hits you.
* * * LOW HITPOINT WARNING * * *
It was a potion of mutation.
You feel extremely strange.
You feel yourself wasting away. A pair of antennae grows on your head!
Fur sprouts all over your body. Something hits you.
* * * LOW HITPOINT WARNING * * *
It was a potion of curing.
You feel better. Something barely misses you. Something hits you!
* * * LOW HITPOINT WARNING * * *
You see here a fuming golden potion.
You miss something. Something hits you but does no damage.
You hit something. Something hits you!
* * * LOW HITPOINT WARNING * * *
Your body deteriorates!
You feel dopey.
You hit something but do no damage. Something hits you.
* * * LOW HITPOINT WARNING * * *
You barely miss something. Your squeeze misses something. Something hits you.
You die...

#.##.#.# #†
#......# #.
##..†..# #. ###
#.....# #. ..#
#.....# ##. #.#
#.....# #.. #.#
####### #.# #{#
#.# #@# #.# #.#
##### #.#
#.###...#### #.#
#.##.###...#####.#
#....# #.........#
####.###...#######
##...#### #####


There were no monsters in sight!

Vanquished Creatures
  2 iguanas (D:6)
  An orc wizard (D:6)
  3 adders (D:6)
  A white imp (D:6)
  2 orcs (D:6)
9 creatures vanquished.

Notes
Turn   | Place    | Note
-------+----------+-------------------------------------------
     0 | D:5      | GordonOverkill the Octopode Delver began the quest for the
                  | Orb.
     0 | D:5      | Reached XP level 1. HP: 16/16 MP: 1/1
    38 | D:5      | Noticed a phantom
    68 | D:6      | Noticed an iguana
    72 | D:6      | Killed an iguana
    73 | D:6      | Reached XP level 2. HP: 21/21 MP: 2/2
    73 | D:6      | Reached XP level 3. HP: 26/26 MP: 3/3
    73 | D:6      | Noticed a wight
   119 | D:6      | Reached XP level 4. HP: 31/31 MP: 4/4
   719 | D:6      | Reached skill level 5 in Short Blades
   757 | D:6      | Gained mutation: Your body sometimes deteriorates upon
                  | taking damage. [potion of mutation]
   757 | D:6      | Gained mutation: You have a pair of small antennae on your
                  | head. [potion of mutation]
   757 | D:6      | Gained mutation: You are covered in fur. (AC +1) [potion of
                  | mutation]
   762 | D:6      | HP: 1/31 [something (1)]
   763 | D:6      | Slain by an unseen horror

Illustrated notes

Levels and vault maps discovered:
D:5:      layout_basic, jmf_multi_god_temple2
D:6:      layout_loops_cross, nicolae_overflow_quartered_altars
D:7:      layout_cave_pools, guppyfry_early_elven_hall

Skill      XL: |  1  2  3  4 |
---------------+-------------+-----
Short Blades   | 3 4 5 |  5.0
Fighting       | |  3.0
Dodging        | |  2.0
Stealth        | |  6.6

Action                     |  1- 3 |  4- 6 || total
---------------------------+-------+-------++-------
  Melee: Short sword       |     3 |    20 ||    23
         Tentacles         |       |     5 ||     5
         Constrict         |       |     4 ||     4
         Punch             |       |     1 ||     1
    Use: Potion            |       |     3 ||     3
         Scroll            |       |     1 ||     1
   Stab: Sleeping          |     3 |     1 ||     4
 Armour: Skin              |       |     1 ||     1
  Dodge: Dodged            |       |     6 ||     6

Table legend: (Time is in decaauts)
 A = Elapsed time spent in this place.
 B = Non-inter-level travel time spent in this place.
 C = Inter-level travel time spent in this place.
 D = Time resting spent in this place.
 E = Time spent auto-exploring this place.
 F = Levels seen in this place.
 G = Mean time per level.
                   A        B        C        D        E       F      G
               +--------+--------+--------+--------+--------+-----+--------+
         Total |    757 |    742 |     15 |    384 |      0 |   3 |  252.3 |
       Dungeon |    757 |    742 |     15 |    384 |      0 |   3 |  252.3 |
               +--------+--------+--------+--------+--------+-----+--------+

Top non-repeatable levels by time:
     D:6: 676 daAuts
     D:5: 68 daAuts
     D:7: 13 daAuts
